 Dungeon Crawl Stone Soup version 0.24.0-13-gcf9b319 (webtiles) character file.

Game seed: 5184006979091075040, levelgen mode: deterministic

50 Bronimir the Firebug (level 3, -1/31 HPs)
             Began as an Ogre Fire Elementalist on Mar 28, 2020.
             Slain by a hobgoblin
             ... wielding a cursed -2 club
              (4 damage)
             ... on level 2 of the Dungeon.
             The game lasted 00:02:51 (1559 turns).

Bronimir the Firebug (Ogre Fire Elementalist)       Turns: 1559, Time: 00:02:51

Health: -1/31      AC:  4    Str: 13    XL:     3   Next: 79%
Magic:  2/7        EV: 10    Int: 16    God:
Gold:   24         SH:  0    Dex:  9    Spells: 4/7 levels left

rFire    . . .     SeeInvis .   a - +0 mace
rCold    . . .     Gourm    .   (no shield)
rNeg     . . .     Faith    .   b - +0 robe
rPois    .         Spirit   .   (helmet restricted)
rElec    .         Reflect  .   q - +0 cloak
rCorr    .         Harm     .   (gloves unavailable)
MR       .....                  (boots unavailable)
Stlth    ++........             (no amulet)
HPRegen  0.10/turn              (no ring)
MPRegen  0.10/turn              (no ring)

@: no status effects
A: large, unfitting armour, tough skin 1
a: no special abilities


You were on level 2 of the Dungeon.
You were not hungry.

You visited 1 branch of the dungeon, and saw 3 of its levels.

You collected 24 gold pieces.

Inventory:

Hand Weapons
 a - a +0 mace (weapon)
Missiles
 d - 80 stones (quivered)
 k - 45 sling bullets
Armour
 b - a +0 robe (worn)
 q - a +0 cloak (worn)
Jewellery
 j - a +2 ring of evasion {unknown}
Scrolls
 f - a scroll of blinking {unknown}
 h - a scroll of teleportation {unknown}
 i - a scroll of enchant weapon {unknown}
 n - a scroll of magic mapping {unknown}
 p - a scroll of fog {unknown}
Potions
 e - a potion of haste {unknown}
 g - a potion of brilliance {unknown}
 l - a potion of might {unknown}
 m - a potion of berserk rage {unknown}
 o - a potion of heal wounds {unknown}
Comestibles
 c - a ration


   Skills:
 + Level 0.3 Fighting
 + Level 0.5 Maces & Flails
 + Level 1.9 Dodging
 - Level 1.5 Stealth
 * Level 2.8 Spellcasting
 * Level 1.6 Conjurations
 * Level 3.3 Fire Magic


You had 4 spell levels left.
You knew the following spells:

 Your Spells              Type           Power        Failure   Level  Hunger
a - Flame Tongue          Conj/Fire      ##...        7%          1    #......
b - Throw Flame           Conj/Fire      ##....       11%         2    ##.....

Your spell library contained the following spells:

 Spells                   Type           Power        Failure   Level  Hunger
 Conjure Flame            Conj/Fire      ##......     21%         3    ###....
 Inner Flame              Hex/Fire       #.......     28%         3    ###....
 Sticky Flame             Conj/Fire      ##......     56%         4    #####..
 Fireball                 Conj/Fire      ##........   88%         5    ######.


Dungeon Overview and Level Annotations

Branches:
Dungeon (3/15)

Altars:


Innate Abilities, Weirdness & Mutations

You are too large for most types of armour.
You have tough skin. (AC +1)


Message History

The flame tongue hits the hobgoblin but does no damage.
The hobgoblin is lightly wounded.
The quokka bites you but does no damage.
The hobgoblin hits you but does no damage.
You closely miss the hobgoblin.
The hobgoblin is lightly wounded.
The quokka completely misses you.
The hobgoblin hits you but does no damage.
The quokka bites you.
* * * LOW HITPOINT WARNING * * *
You barely miss the hobgoblin.
The hobgoblin is lightly wounded.
The quokka bites you.
* * * LOW HITPOINT WARNING * * *
The hobgoblin barely misses you. The quokka bites you.
* * * LOW HITPOINT WARNING * * *
You barely miss the hobgoblin.
The hobgoblin is lightly wounded.
The hobgoblin hits you with a cursed -2 club.
You die...

#.......##.# ..
##########.# ..
#.# .. #.# ..
#.# .. #.# . ..
#w# ...
###.###.##.....
......r@g......
###.######....#
...# ###


You could see a worm, a quokka and a hobgoblin.

Vanquished Creatures
  An ooze (D:1)
  4 dart slugs (D:1)
  A leopard gecko (D:1)
  4 bats (D:1)
  2 giant cockroaches
  2 hobgoblins (D:1)
  4 jackals (D:1)
  3 frilled lizards (D:1)
  6 goblins
  4 kobolds
  2 rats
33 creatures vanquished.

Notes
Turn   | Place    | Note
-------+----------+-------------------------------------------
     0 | D:1      | Bronimir the Ogre Fire Elementalist began the quest for the
                  | Orb.
     0 | D:1      | Reached XP level 1. HP: 16/16 MP: 3/3
   105 | D:1      | Reached skill level 1 in Conjurations
   254 | D:1      | Reached XP level 2. HP: 24/24 MP: 2/5
   420 | D:1      | Reached skill level 3 in Fire Magic
   502 | D:1      | Learned a level 2 spell: Throw Flame
   517 | D:1      | Reached XP level 3. HP: 31/31 MP: 2/6
  1304 | D:2      | Found a faded altar of an unknown god.
  1559 | D:2      | Slain by a hobgoblin

Levels and vault maps discovered:
D:1:      matt_arrival_spirals, layout_basic, minmay_lizard_pond
D:2:      layout_basic, chequers_ecumenical_altar_simple, first_ration
D:3:      wad_lake_hut, layout_basic, regret_index_temple_of_mockery,
          zin_academy

Skill      XL: |  1  2 |
---------------+-------+-----
Conjurations   | 1 |  1.6
Fire Magic     | 3 |  3.3
Fighting       | |  0.3
Maces & Flails | |  0.5
Dodging        | |  1.9
Stealth        | |  1.5
Spellcasting   | |  2.8

Action                   || total
-------------------------++-------
Melee: Mace              ||    49
       Unarmed           ||     1
 Cast: Flame Tongue      ||    43
  Use: Scroll            ||     2
       Potion            ||     1
  Eat: Chunk             ||     2
Armor: Robe              ||    23
Dodge: Dodged            ||    51
